 Dungeon Crawl Stone Soup version 0.25-a0-663-gace7076f2c (webtiles) character file.

Game seed: 2810513203633309511, levelgen mode: deterministic

17598 Esekla the Thaumaturge (level 12, -1/80 HPs)
             Began as an Octopode Venom Mage on Mar 26, 2020.
             Was a Believer of Ashenzari.
             Slain by a slime creature (16 damage)
             ... on level 13 of the Dungeon.
             The game lasted 02:03:04 (15853 turns).

Esekla the Thaumaturge (Octopode Venom Mage)       Turns: 15853, Time: 02:03:05

Health: -1/80      AC:  1    Str:  9    XL:     12   Next: 49%
Magic:  13/33      EV: 16    Int: 21    God:    Ashenzari [**....]
Gold:   732        SH:  0    Dex: 12    Spells: 9/27 levels left

rFire    . . .     SeeInvis .   Q - +5 long sword (elec) (curse)
rCold    + . .     Gourm    .   (no shield)
rNeg     . . .     Faith    .   (helmet restricted)
rPois    .         Spirit   .   o - amulet of the acrobat
rElec    .         Reflect  .   e - ring of flight
rCorr    .         Harm     .   D - ring of protection from magic (curse)
MR       ++...                  G - ring of magical power (curse)
Stlth    +++++.....             H - ring of protection from cold
HPRegen  0.23/turn              I - ring of protection from magic (curse)
MPRegen  0.23/turn              J - ring of stealth
                                m - ring of wizardry (curse)
                                (no ring)

@: hasted, very quick
A: almost no armour, stealthy swim, amphibious, 8 rings, constrict 8, camouflage
1, gelatinous body 1
a: Curse Item, Scrying, Renounce Religion, Evoke Flight


You were on level 13 of the Dungeon.
You worshipped Ashenzari.
Ashenzari was pleased with you.
You were hungry.

You visited 3 branches of the dungeon, and saw 15 of its levels.
You also visited: Ossuary.

You collected 1012 gold pieces.
You spent 280 gold pieces at shops.

Inventory:

Hand Weapons
 x - a +3 dagger of venom
 C - a +0 trident
 M - a +2 long sword of flaming
 Q - a cursed +5 long sword of electrocution (weapon)
 R - a +0 rapier of protection
 W - a +0 flail
Missiles
 l - 25 boomerangs (quivered)
 O - 17 poisoned darts
Jewellery
 e - a ring of flight (left tentacle)
 m - a cursed ring of wizardry (on tentacle)
 o - an amulet of the acrobat (around mantle)
 p - an uncursed ring of fire
 D - a cursed ring of protection from magic (right tentacle)
 G - a cursed ring of magical power (on tentacle)
 H - a ring of protection from cold (on tentacle)
 I - a cursed ring of protection from magic (on tentacle)
 J - a ring of stealth (on tentacle)
 P - an uncursed ring of positive energy
Wands
 j - a wand of disintegration (7)
 r - a wand of iceblast (17)
 v - a wand of flame (16)
 w - a wand of random effects (19)
 K - a wand of acid (9)
 N - a wand of scattershot (5)
Scrolls
 f - 4 scrolls of amnesia
 g - 2 scrolls of enchant armour
 h - 2 scrolls of identify
 q - 4 scrolls of fear
 u - 5 scrolls of enchant weapon
 y - 5 scrolls of blinking
 F - 2 scrolls of teleportation
 L - a scroll of immolation
 S - a scroll of fog
 T - a scroll of random uselessness {unknown}
 U - a scroll of noise {unknown}
 V - a scroll of remove curse
Potions
 a - 4 potions of flight
 c - 2 potions of invisibility {unknown}
 d - 2 potions of haste
 i - 2 potions of stabbing {unknown}
 k - a potion of resistance {unknown}
 n - 3 potions of berserk rage
 s - 6 potions of curing
 t - 3 potions of cancellation {unknown}
 z - 2 potions of might {unknown}
 A - 3 potions of heal wounds
 B - a potion of degeneration {unknown}
 E - 2 potions of mutation {unknown}
Miscellaneous
 X - a phial of floods
Comestibles
 b - 19 rations


   Skills:
 * Level 6.4 Fighting
 + Level 5.7(6.3) Short Blades
 * Level 3.8(7.0) Long Blades
 + Level 3.4 Throwing
 * Level 7.0 Dodging
 + Level 7.3 Stealth
 * Level 8.4 Spellcasting
 * Level 5.9 Conjurations
 * Level 4.3 Hexes
 + Level 4.0 Translocations
   Level 1.0 Transmutations
 * Level 4.2 Fire Magic
 + Level 6.0 Air Magic
 + Level 7.1 Poison Magic


You had 9 spell levels left.
You knew the following spells:

 Your Spells              Type           Power        Failure   Level  Hunger
a - Apportation           Tloc           ####..       1%          1    None
b - Corona                Hex            ####...      1%          1    None
c - Mephitic Cloud        Conj/Pois/Air  #####...     1%          3    None
f - Conjure Flame         Conj/Fire      ####....     1%          3    None
v - Poisonous Vapours     Pois/Air       #####.       1%          2    None
x - Olgreb's Toxic Radia  Pois           #####...     1%          4    ###....
y - Sticky Flame          Conj/Fire      ####....     4%          4    ###....

Your spell library contained the following spells:

 Spells                   Type           Power        Failure   Level  Hunger
 Beastly Appendage        Tmut           ##....       1%          1    None
 Foxfire                  Conj/Fire      ####         1%          1    None
 Sting                    Tmut/Pois      ####         1%          1    None
 Ignite Poison            Fire/Tmut/Pois ####....     1%          3    None
 Inner Flame              Hex/Fire       ####....     1%          3    None
 Spider Form              Tmut/Pois      ####......   1%          3    None
 Animate Skeleton         Necr           N/A          3%          1    None
 Summon Small Mammal      Summ           #...         3%          1    None
 Sticks to Snakes         Tmut           ##......     3%          2    None
 Fireball                 Conj/Fire      ####......   11%         5    #####..
 Ice Form                 Ice/Tmut       ##......     24%         4    ###....
 Blade Hands              Tmut           ##........   45%         5    #####..


Dungeon Overview and Level Annotations

Branches:
Dungeon (13/15)            Temple (1/1) D:5            Lair (1/6) D:10
    Orc (0/2) D:11        Ossuary (visited)
 Vaults: D:13-14

Altars:
Ashenzari
Cheibriados
Dithmenos
Elyvilon
Fedhas
Gozag
Hepliaklqana
Kikubaaqudgha
Makhleb
Nemelex Xobeh
Okawaru
Qazlal
Ru
Sif Muna
Trog
Uskayaw
Vehumet
Wu Jian
Xom
Yredelemnul
Zin
The Shining One

Shops:
D:7 :   D:13 =

Annotations:
D:8 1 runed translucent door, XanderDroid's ghost, novice GrEE
D:10 1 runed translucent door, kae's ghost, novice DrTm
D:12 2 transporters, Xogiet's ghost, journeyman GrGl


Innate Abilities, Weirdness & Mutations

You cannot wear most types of armour.
You are very stealthy in the water. (Stealth+)
You are amphibious.
You can wear up to eight rings at the same time.
You can use your tentacles to constrict eight enemies at once.
Your skin changes colour to match your surroundings (Stealth+).
Your rubbery body absorbs attacks. (AC +1, EV +1)


Message History

Confirm with . or Enter, or press ? or * to list all spells.
Aiming: Mephitic Cloud (safe; 1% risk of failure)
Press: ? - help, Shift-Dir - straight line, p - tengu warrior The ball explodes into a vile cloud!
The stinking cloud engulfs the cyclops but does no damage.
The cyclops is heavily wounded.
The tengu warrior burns!
The slime creature hits you!
The cyclops is engulfed in noxious fumes.
The cyclops appears confused.
You hit the slime creature.
Lightning courses through the slime creature!!
The slime creature is heavily wounded.
The tengu warrior burns!
The slime creature hits you!
The cyclops is engulfed in noxious fumes.
The cyclops appears confused.
You feel yourself speed up.
The tengu warrior burns!
The slime creature hits you!!
* * * LOW HITPOINT WARNING * * *
The slime creature hits you!
You die...

......... ##.........
............#. #..........
............#.########..........
..#.................(<.........#
<..............>...$..........##
..#.................z....[....#
..#............≈≈≈..z.z####..##
#.#...........Q≈≈≈≈Jz..# *.^#
#.............≈≈@JJ.....* .. *
###..>......(.≈≈.JC.....
#.........†..≈.○○...... ,, *
#..............°...?.. ,
#.#..........##.#.####
#.###...........#.# ,
#.#*#[....###...# # , , #..
#.....# ...., , ##. #.....#*
#... * *, ,


You could see 4 slime creatures, a tengu warrior (confused), a cyclops
(confused) and 4 wights.

Vanquished Creatures
  Snorg (D:10)
  Fannar (D:12)
  2 two-headed ogres (D:9)
  Pikel (D:5)
  An ugly thing (D:12)
  3 cyclopes
  3 gargoyles
  A torpor snail (Lair:1)
  2 komodo dragons
  A tengu conjurer (D:13)
  2 trolls (D:9)
  Grinder (D:5)
  Prince Ribbit (D:6)
  A slime creature (D:12)
  5 blink frogs (Lair:1)
  3 hippogriffs
  A shadow (D:12)
  2 wraiths
  5 yaks
  A wyvern (D:11)
  Menkaure (D:5)
  Edmund (D:4)
  2 soldier ants
  An acid dragon (D:11)
  11 orc warriors
  4 ice beasts
  A black bear (D:11)
  8 ogres
  An eye of draining (D:11)
  A hornet zombie (D:11)
  3 sky beasts
  7 centaurs
  A crocodile (Lair:1)
  A big kobold (D:9)
  8 bullfrogs
  A wyvern zombie (D:12)
  A water moccasin zombie (D:7)
  2 wyvern skeletons
  3 scorpions
  6 wights
  A howler monkey (D:12)
  2 crimson imps (D:5)
  A bullfrog zombie (D:6)
  A gnoll shaman (D:5)
  A quasit (D:12)
  2 centaur zombies
  4 bullfrog skeletons
  11 hounds
  7 orc wizards
  5 orc priests
  2 centaur skeletons
  3 jellies
  Natasha (thrice) (D:2)
  Ijyb (D:5)
  3 iguanas
  9 worker ants
  A killer bee zombie (D:6)
  A hound skeleton (D:6)
  9 mummies
  2 worker ant zombies (D:7)
  Robin (D:4)
  4 gnolls (D:5)
  A howler monkey skeleton (D:6)
  A howler monkey zombie (D:6)
  8 adders
  2 shadow imps
  An ooze (D:3)
  3 adder skeletons
  3 worms
  4 leopard geckos
  39 orcs
  4 ball pythons
  5 giant cockroaches
  2 gnoll zombies (Ossuary)
  11 goblins
  5 hobgoblins
  4 jackals (D:3)
  5 quokkas
  7 bats
  6 frilled lizards
  A giant cockroach zombie (D:4)
  A goblin zombie (D:5)
  2 hobgoblin zombies (Ossuary)
  8 kobolds
  6 kobold zombies
  A leopard gecko skeleton (D:4)
  2 orc zombies (Ossuary)
  A quokka skeleton (D:10)
  A quokka zombie (D:5)
  10 rats
  A plant (D:10)
321 creatures vanquished.

Vanquished Creatures (others)
  A manticore (D:12)
1 creature vanquished.

Grand Total: 322 creatures vanquished

Notes
Turn   | Place    | Note
-------+----------+-------------------------------------------
     0 | D:1      | Esekla the Octopode Venom Mage began the quest for the Orb.
     0 | D:1      | Reached XP level 1. HP: 11/11 MP: 3/3
   747 | D:1      | Reached XP level 2. HP: 14/17 MP: 3/5
   754 | D:1      | Learned a level 2 spell: Poisonous Vapours
   901 | D:2      | Reached XP level 3. HP: 21/22 MP: 1/6
  1007 | D:2      | Noticed Natasha
  1011 | D:2      | Killed Natasha
  1021 | D:2      | Noticed Natasha
  1037 | D:2      | Killed Natasha
  1037 | D:2      | Reached skill level 1 in Fighting
  1037 | D:2      | Reached XP level 4. HP: 15/28 MP: 5/8
  1103 | D:2      | Reached skill level 1 in Air Magic
  1130 | D:2      | Noticed Natasha
  1258 | D:2      | Killed Natasha
  1273 | D:2      | Found a burning altar of Makhleb.
  1474 | D:2      | Reached skill level 3 in Spellcasting
  1474 | D:2      | Reached XP level 5. HP: 23/33 MP: 6/9
  1481 | D:2      | Learned a level 3 spell: Mephitic Cloud
  1877 | D:3      | Reached skill level 1 in Short Blades
  2149 | D:3      | Reached XP level 6. HP: 39/39 MP: 10/10
  2670 | D:4      | Found a hazy altar of Hepliaklqana.
  2670 | D:4      | Found a snail-covered altar of Cheibriados.
  3553 | D:4      | Found an ancient bone altar of Kikubaaqudgha.
  3576 | D:4      | Reached skill level 1 in Throwing
  3581 | D:4      | Reached skill level 1 in Conjurations
  3581 | D:4      | Reached XP level 7. HP: 34/45 MP: 6/12
  3619 | D:4      | Noticed Edmund
  3642 | D:4      | Killed Edmund
  3642 | D:4      | Reached skill level 4 in Spellcasting
  3670 | D:4      | Noticed Robin
  3678 | D:4      | Killed Robin
  4077 | D:4      | Noticed a moth of wrath
  4080 | D:4      | Found a bloodstained altar of Trog.
  4469 | D:4      | Reached XP level 8. HP: 51/51 MP: 5/14
  4532 | D:5      | Entered Level 5 of the Dungeon
  4554 | D:5      | Reached skill level 5 in Poison Magic
  4591 | D:5      | Noticed Menkaure
  4657 | D:5      | Found a staircase to the Ecumenical Temple.
  4719 | D:5      | Noticed Ijyb
  4740 | D:5      | Found a sand-covered staircase.
  4747 | Ossuary  | Entered an ossuary
  5222 | D:5      | Killed Ijyb
  5491 | D:5      | Noticed Grinder
  5722 | D:6      | Reached skill level 5 in Spellcasting
  5998 | D:6      | Learned a level 4 spell: Olgreb's Toxic Radiance
  6007 | D:6      | Reached XP level 9. HP: 40/58 MP: 10/16
  6415 | Temple   | Entered the Ecumenical Temple
  6470 | Temple   | Became a worshipper of Ashenzari the Shackled
  6873 | D:5      | Killed Menkaure
  6900 | D:5      | Killed Grinder
  6900 | D:5      | Reached skill level 5 in Stealth
  6925 | D:5      | Noticed Pikel
  6939 | D:5      | Killed Pikel
  7150 | D:6      | Found a stormy altar of Qazlal.
  7186 | D:6      | Noticed Prince Ribbit
  7195 | D:6      | Killed Prince Ribbit
  7497 | D:7      | Found Qaseitux's Book Shoppe.
  7505 | D:7      | Reached skill level 5 in Dodging
  7508 | D:7      | Noticed a +0 hand axe
  7509 | D:7      | Noticed a +0 hand axe
  7528 | D:7      | Found a hide-covered altar of Uskayaw.
  7988 | D:7      | Reached skill level 6 in Spellcasting
  8029 | D:7      | Reached XP level 10. HP: 65/65 MP: 19/19
  8486 | D:8      | Found a runed translucent door.
  8487 | D:8      | Noticed XanderDroid's ghost (novice GrEE)
  8558 | D:8      | Reached * piety under Ashenzari
  8663 | D:7      | Bought a book of Cantrips for 280 gold pieces
  8665 | D:7      | Learned a level 1 spell: Apportation
  8667 | D:7      | Learned a level 1 spell: Corona
  8970 | D:8      | Found an opulent altar of Gozag.
  9077 | D:8      | Reached skill level 5 in Short Blades
  9306 | D:8      | Learned a level 4 spell: Sticky Flame
  9310 | D:8      | Learned a level 3 spell: Conjure Flame
  9517 | D:9      | Noticed a two-headed ogre
  9531 | D:9      | Noticed a two-headed ogre
  9560 | D:9      | Reached skill level 1 in Translocations
  9861 | D:9      | Killed a two-headed ogre
  9861 | D:9      | Reached skill level 5 in Fighting
  9871 | D:9      | Reached skill level 1 in Hexes
  9871 | D:9      | Reached skill level 1 in Fire Magic
  9896 | D:9      | Killed a two-headed ogre
  9896 | D:9      | Reached skill level 5 in Air Magic
 10714 | D:10     | Entered Level 10 of the Dungeon
 10743 | D:10     | Reached XP level 11. HP: 71/72 MP: 16/21
 10776 | D:9      | Reached skill level 7 in Spellcasting
 11273 | D:10     | Found a staircase to the Lair.
 11364 | D:10     | Found a runed translucent door.
 11364 | D:10     | Reached ** piety under Ashenzari
 11366 | D:10     | Noticed kae's ghost (novice DrTm)
 11469 | D:10     | Noticed Snorg
 11610 | D:10     | Killed Snorg
 12064 | D:11     | Noticed a five-headed hydra
 12225 | Lair:1   | Entered Level 1 of the Lair of Beasts
 12308 | Lair:1   | Reached skill level 5 in Conjurations
 12330 | Lair:1   | Reached skill level 1 in Long Blades
 12552 | Lair:1   | HP: 2/72 [torpor snail (20)]
 12934 | Lair:1   | Noticed a five-headed hydra
 13034 | D:11     | Found a staircase to the Orcish Mines.
 13285 | D:11     | Noticed a five-headed hydra
 14056 | D:11     | Reached XP level 12. HP: 55/79 MP: 23/23
 14172 | D:12     | Reached skill level 8 in Spellcasting
 14756 | D:12     | Noticed Fannar
 14968 | D:12     | Killed Fannar
 15134 | D:12     | Found a transporter.
 15348 | D:12     | Noticed Xogiet's ghost (journeyman GrGl)
 15349 | D:12     | Identified the ring of Ustruig {rF+ Dex+2}
 15361 | D:12     | Found a transporter.
 15700 | D:13     | Found Ceur's Jewellery Emporium.
 15843 | D:13     | Noticed a tengu warrior
 15853 | D:13     | Slain by a slime creature

Levels and vault maps discovered:
D:1:      dpeg_arrival_arbitrary_c, layout_rooms
D:2:      layout_rooms, makhleb_blood_cavern_becter, uniq_natasha
D:3:      layout_loops_ring
D:4:      layout_loops_ring, grunt_temple_overflow_open, tgw_trog, uniq_edmund,
          uniq_robin
D:5:      layout_cave_pods, minmay_temple_entry_antechambers, enter_ossuary_4,
          first_ration, uniq_grinder, uniq_ijyb, uniq_pikel, uniq_menkaure
D:6:      layout_basic, kennysheep_mini, minmay_mini_ossuary,
          uniq_prince_ribbit1
D:7:      layout_loops_corners, dancing_weapons_uskayaw, serial_shops, shop
D:8:      layout_loops_ring, lemuel_doored_altar, ebering_ghost_inner_flame,
          grunt_ogre_cave, minmay_diced_spiral
D:9:      layout_basic
D:10:     layout_rooms, david_lair_shrubbed, hellmonk_ghost_happy_afterlife,
          uniq_snorg
D:11:     layout_cave_pools, david_orc_2, minivault_26
D:12:     layout_rooms, gammafunk_ghost_stat_death, minmay_circle_x, uniq_fannar
D:13:     layout_rooms, serial_shops, nicolae_shop_waterfront
Temple:   eino_wide_crystal_templ
Lair:1:   layout_chaotic_city, kennysheep_snail_temple

Skill      XL: |  1  2  3  4  5  6  7  8  9 10 11 12 |
---------------+-------------------------------------+-----
Poison Magic   | 4 5 6 7 |  7.1
Fighting       | 1 2 3 4 5 6 |  6.4
Stealth        | 3 4 6 7 |  7.3
Air Magic      | 1 3 4 5 6 |  6.0
Spellcasting   | 3 4 5 6 7 8 |  8.4
Short Blades   | 1 2 3 4 5 |  5.7
Dodging        | 3 4 5 6 7 |  7.0
Throwing       | 1 2 3 |  3.4
Conjurations   | 1 2 3 4 5 |  5.9
Translocations | 2 3 4 |  4.0
Hexes          | 2 3 4 |  4.3
Fire Magic     | 2 3 4 |  4.2
Long Blades    | 2 3 |  3.8
Transmutations | |  1.0

Action                   |  1- 3 |  4- 6 |  7- 9 | 10-12 || total
-------------------------+-------+-------+-------+-------++-------
Melee: Short sword       |    50 |    79 |       |       ||   129
       Constrict         |    10 |    21 |    50 |    40 ||   121
       Tentacles         |     9 |    18 |    42 |    68 ||   137
       Unarmed           |     1 |       |       |       ||     1
       Rapier            |       |    25 |    38 |       ||    63
       Dagger            |       |       |   195 |   193 ||   388
       Long sword        |       |       |       |   119 ||   119
Throw: Boomerang         |       |     3 |    76 |    37 ||   116
       Dart              |       |       |     3 |    11 ||    14
 Cast: Sting             |     4 |       |       |       ||     4
       Poisonous Vapours |     5 |    34 |    49 |   146 ||   234
       Mephitic Cloud    |       |       |     7 |    24 ||    31
       Olgreb's Toxic Ra |       |       |     2 |       ||     2
       Apportation       |       |       |       |     6 ||     6
       Sticky Flame      |       |       |       |    30 ||    30
       Conjure Flame     |       |       |       |     2 ||     2
Invok: Curse Item        |       |       |     2 |     3 ||     5
  Use: Scroll            |     2 |       |     8 |     7 ||    17
       Potion            |       |       |       |     7 ||     7
 Stab: Sleeping          |     3 |    11 |    12 |    13 ||    39
       Confused          |       |       |     5 |     6 ||    11
  Eat: Chunk             |       |    10 |     9 |    14 ||    33
       Ration            |       |       |     2 |     4 ||     6
Armor: Skin              |     1 |    10 |     8 |     8 ||    27
Dodge: Dodged            |    44 |   103 |   123 |   256 ||   526
       Rpst.: Long sword |       |       |       |    28 ||    28

Table legend:
 A = Non-vault XP
 B = Vault XP
 C = Vault XP percentage of total XP
 D = Non-vault monster count
 E = Vault monster count
 F = Vault count percentage of total count
                 A         B        C        D         E       F
            +---------+---------+-------+---------+---------+-------
      Total |   18266 |    6875 |  27.3 |     253 |      68 |  21.2
            +---------+---------+-------+---------+---------+-------
        D:1 |      12 |       0 |   0.0 |      10 |       0 |   0.0
        D:2 |     121 |      79 |  39.5 |      18 |       2 |  10.0
        D:3 |     237 |       0 |   0.0 |      30 |       0 |   0.0
        D:4 |     607 |     209 |  25.6 |      20 |      18 |  47.4
        D:5 |     531 |    1108 |  67.6 |      15 |       6 |  28.6
        D:6 |     819 |     286 |  25.9 |      23 |       6 |  20.7
        D:7 |     635 |       0 |   0.0 |      16 |       0 |   0.0
        D:8 |     586 |     335 |  36.4 |      12 |       3 |  20.0
        D:9 |    3899 |       0 |   0.0 |      30 |       0 |   0.0
       D:10 |    2153 |    1545 |  41.8 |      17 |       2 |  10.5
       D:11 |    2652 |     285 |   9.7 |      24 |       7 |  22.6
       D:12 |    3223 |    2471 |  43.4 |      25 |       7 |  21.9
       D:13 |     806 |       0 |   0.0 |       3 |       0 |   0.0
     Lair:1 |    1985 |     403 |  16.9 |      10 |       1 |   9.1
    Ossuary |       0 |     154 | 100.0 |       0 |      16 | 100.0
            +---------+---------+-------+---------+---------+-------
